Map: Backwater LE

Players

TYTY (TY) - Winner!

  • Race: Terran Terran
  • League: Master
  • Spawn Location: 5:00

SpeCial

  • Race: Terran Terran
  • League: Master
  • Spawn Location: 11:00

Event: Memes & Dreams Invitational

VOD

Have the link to the VOD?

Description

Time

  • Played on: April 15, 2018, 1:58 a.m.
  • Length: 20:51

All games in this series

Show
View Real Time Build Order
Export as new Build Order

TYTY Terran - Winner!

Build Orders: Liberator Opening, Reaper Expand 

Get SALT Encoding   

  12  0:00  SCV  
  13  0:13  SCV  
  14  0:17  Supply Depot  
  14  0:25  SCV  
  15  0:38  SCV  
  15  0:41  Barracks  
  16  0:44  Refinery  
  16  0:50  SCV  
  17  1:02  SCV  
  18  1:15  SCV  
  19  1:28  Reaper, Orbital Command  
  20  1:42  Command Center  
  20  1:50  Supply Depot  
  20  1:54  SCV  
  20  1:59  Marine  
  22  2:05  Factory  
  22  2:09  SCV  
  22  2:13  Refinery  
  23  2:21  Barracks Reactor, SCV  
  24  2:33  SCV  
  25  2:45  SCV  
  25  2:51  Starport  
  26  2:53  Orbital Command  
  26  2:57  SCV  
  27  3:00  Hellion  
  27  3:01  Hellion  
  31  3:06  Barracks Tech Lab, Orbital Command  
  31  3:09  SCV  
  31  3:10  Liberator  
  32  3:22  Hellion x2  
  32  3:24  SCV  
  37  3:31  SCV  
  42  3:36  SCV  
  42  3:38  Supply Depot  
  42  3:43  Cyclone  
  42  3:45  SCV  
  46  4:00  Marine, SCV x2  
  49  4:08  Cyclone  
  49  4:09  Supply Depot  
  52  4:12  SCV x2  
  49  4:24  SCV x2  
  49  4:25  Cyclone  
  49  4:27  Marine  
  53  4:36  SCV x2  
  55  4:48  SCV x2  
  55  4:52  Command Center  
  51  5:00  SCV x2  
  51  5:11  Cyclone  
  51  5:13  SCV x2, Cyclone  
  55  5:17  Refinery x2  
  54  5:25  SCV x2  
  54  5:27  Supply Depot  
  56  5:37  SCV  
  56  5:38  SCV, Command Center  
  58  5:43  Supply Depot x2, Cyclone  
  58  5:49  SCV, Cyclone  
  65  5:50  SCV  
  66  6:01  SCV  
  66  6:03  Raven  
  69  6:04  SCV  
  69  6:05  Orbital Command  
  69  6:10  Refinery  
  70  6:13  SCV, Refinery  
  70  6:15  Cyclone  
  70  6:16  SCV  
  75  6:25  SCV  
  76  6:26  Factory, Barracks Reactor  
  76  6:28  SCV  
  76  6:31  SCV  
  78  6:35  Supply Depot, Cyclone  
  78  6:37  SCV  
  78  6:39  Command Center  
  82  6:40  SCV  
  82  6:44  SCV  
  84  6:48  Armory  
  84  6:49  SCV  
  84  6:53  SCV  
  84  6:54  Starport Reactor, Orbital Command  
  86  6:55  Cyclone  
  86  6:56  SCV  
  86  7:01  SCV, Armory  
  90  7:05  SCV  
  90  7:08  SCV  
  93  7:09  Cyclone  
  93  7:10  Orbital Command  
  93  7:12  Liberator x2  
  93  7:14  SCV  
  97  7:17  SCV  
  97  7:18  Cyclone  
  97  7:20  SCV  
  105  7:26  SCV  
  105  7:29  SCV  
  110  7:32  Supply Depot, SCV  
  109  7:38  SCV  
  109  7:42  SCV x2  
  106  7:51  SCV x2  
  103  7:59  SCV  
  103  8:01  Engineering Bay  
  103  8:02  Terran Vehicle And Ship Armor Level 1, Terran Vehicle Weapons Level 1  
  103  8:04  SCV x2, Cyclone x2  
  116  8:05  Cyclone  
  116  8:07  Orbital Command, Engineering Bay  
  116  8:08  SCV  
  116  8:11  SCV  
  116  8:12  Viking  
  119  8:16  SCV, Viking  
  119  8:18  SCV  
  123  8:20  SCV  
  123  8:23  Refinery  
  123  8:24  SCV  
  125  8:28  SCV  
  125  8:29  Supply Depot  
  125  8:30  SCV  
  125  8:32  SCV  
  128  8:34  SCV  
  128  8:35  Missile Turret  
  128  8:36  Missile Turret, SCV  
  128  8:38  Missile Turret x2  
  128  8:40  SCV  
  131  8:42  SCV  
  131  8:44  Viking  
  131  8:46  Viking  
  131  8:48  SCV  
  139  8:51  Factory  
  141  8:58  Refinery  
  141  9:02  Cyclone x3  
  146  9:06  SCV x3  
  146  9:07  SCV, Liberator  
  147  9:10  Starport x2  
  147  9:14  Supply Depot  
  147  9:15  Supply Depot, Cyclone  
  150  9:18  Liberator  
  147  9:24  Command Center  
  147  9:26  SCV x3  
  153  9:31  Supply Depot  
  153  9:32  Supply Depot  
  153  9:36  Cyclone  
  158  9:44  SCV x3  
  161  9:46  Missile Turret  
  161  9:47  Supply Depot  
  161  9:48  Starport Tech Lab  
  161  9:49  Starport Tech Lab  
  161  9:50  Hellion x4, Infernal Pre-Igniter, Liberator  
  169  9:56  Command Center  
  167  10:00  Terran Vehicle Weapons Level 2  
  167  10:05  SCV x2, Refinery x2  
  167  10:06  SCV  
  169  10:08  Hellion  
  169  10:10  Raven  
  169  10:12  Hellion  
  178  10:15  Raven  
  178  10:18  Hellion x3  
  186  10:29  Hellion  
  186  10:30  Terran Vehicle And Ship Armor Level 2  
  186  10:32  SCV x2  
  186  10:33  SCV  
  186  10:34  Starport  
  190  10:36  Starport  
  190  10:39  SCV x2  
  190  10:41  Orbital Command  
  186  10:55  Command Center  
  186  10:58  Command Center, Viking  
  186  10:59  Raven x2  
  186  11:02  Viking  
  194  11:10  Starport Tech Lab  
  194  11:13  Supply Depot, Starport Reactor  
  194  11:16  Factory, Cyclone x2  
  200  11:28  Cyclone  
  194  11:34  Cyclone x2  
  194  11:39  Raven  
  193  11:48  Cyclone  
  193  11:49  Cyclone  
  178  11:57  SCV x2  
  178  12:00  Cyclone  
  183  12:01  Orbital Command  
  183  12:06  Cyclone x2  
  189  12:13  Command Center, Raven  
  189  12:14  Command Center, Raven  
  193  12:16  Factory Reactor  
  193  12:21  Hellion x2, Raven  
  193  12:22  Command Center  
  198  12:23  Command Center  
  198  12:25  SCV x2, Refinery  
  198  12:28  SCV, Refinery  
  179  12:32  SCV x2  
  179  12:33  Hellion, SCV  
  182  12:38  Hellion, SCV x2  
  182  12:40  SCV  
  182  12:41  Planetary Fortress  
  182  12:43  Planetary Fortress  
  181  12:44  SCV x2  
  181  12:45  SCV  
  180  12:55  Smart Servos, Refinery  
  180  12:56  Raven  
  180  12:57  Hellion x2, Terran Vehicle Weapons Level 3  
  180  12:58  Refinery  
  188  12:59  SCV x3  
  191  13:09  Hellion, Liberator  
  191  13:10  Hellion x2, SCV  
  200  13:19  Terran Vehicle And Ship Armor Level 3  
  196  13:23  Cyclone x2  
  196  13:24  Missile Turret  
  199  13:28  Missile Turret  
  199  13:29  Cyclone  
  199  13:31  Missile Turret  
  198  13:36  Corvid Reactor, Cyclone  
  198  13:38  Hellion x6  
  198  13:55  Orbital Command  
  198  14:05  Cyclone  
  193  14:10  Cyclone x2  
  193  14:11  Cyclone x2  
  193  14:12  Cyclone  
  193  14:13  SCV x4, Rapid Fire Launchers  
  194  14:29  Planetary Fortress  
  194  14:30  Refinery, Orbital Command  
  197  14:31  Raven  
  197  14:32  Raven x2, Refinery  
  200  14:42  Factory  
  200  14:43  Factory  
  200  14:46  Hi-Sec Auto Tracking  
  188  15:01  Cyclone  
  188  15:02  Cyclone x4  
  188  15:06  Cyclone x2  
  186  15:14  Raven  
  186  15:15  Raven x2  
  189  15:27  Factory Reactor x2  
  186  15:33  Cyclone  
  186  15:34  Cyclone x3  
  186  15:35  Terran Ship Weapons Level 1  
  192  15:43  Building Armor  
  192  15:44  Cyclone x2  
  192  15:45  Hellion  
  180  15:57  Raven, Viking  
  184  16:06  Hellion x5  
  184  16:08  Hellion x2  
  200  16:17  Missile Turret  
  200  16:19  Missile Turret  
  200  16:21  Missile Turret, Command Center  
  200  16:22  Missile Turret x2  
  200  16:23  Missile Turret  
  200  16:24  Missile Turret  
  200  16:30  Raven  
  200  16:50  Refinery  
  200  16:55  Missile Turret  
  200  17:02  Command Center  
  200  17:12  Missile Turret x2  
  200  17:13  Missile Turret  
  198  17:15  Missile Turret  
  198  17:16  Missile Turret  
  198  17:17  Missile Turret  
  198  17:18  Missile Turret  
  198  17:25  Raven  
  196  17:44  Planetary Fortress  
  196  17:48  Raven x2  
  197  18:14  Raven  
  197  18:16  Orbital Command x2  
  199  18:29  Terran Ship Weapons Level 2  
  199  18:31  Sensor Tower  
  197  18:44  Sensor Tower  
  185  19:11  Cyclone x6  
  199  19:22  Cyclone  
  198  19:32  Cyclone  
  198  19:34  Cyclone  
  180  19:50  Cyclone x8  
  185  19:54  Cyclone  
  185  19:56  Raven  
  185  19:57  Raven x2  
  192  20:04  Cyclone  
  192  20:06  Cyclone  
  198  20:19  Command Center  
  198  20:20  Command Center  
Show
View Real Time Build Order
Export as new Build Order

SpeCial Terran 

Build Orders: Gas First Reaper Expand, Liberator Opening, Reaper Expand, Mech 

Get SALT Encoding   

  12  0:00  SCV  
  13  0:12  SCV  
  14  0:18  Supply Depot  
  14  0:24  SCV  
  15  0:28  Refinery  
  15  0:40  SCV  
  16  0:45  Barracks  
  16  0:52  SCV  
  17  1:04  SCV  
  18  1:16  SCV  
  19  1:32  Orbital Command  
  19  1:33  Reaper  
  20  1:45  Command Center  
  20  1:56  Factory  
  20  2:00  SCV  
  21  2:06  Barracks Reactor  
  21  2:11  Refinery  
  21  2:12  SCV  
  22  2:20  Supply Depot  
  22  2:24  SCV  
  23  2:41  Starport, SCV  
  24  2:49  Hellion x2  
  28  2:53  SCV  
  29  2:58  Orbital Command  
  29  3:03  Liberator  
  29  3:05  SCV  
  29  3:10  Hellion  
  34  3:13  Hellion  
  34  3:23  SCV  
  34  3:25  SCV  
  38  3:35  SCV  
  38  3:36  Cyclone  
  38  3:37  SCV  
  38  3:40  Supply Depot  
  43  3:47  Cyclone  
  46  4:01  SCV x2  
  47  4:03  Supply Depot  
  47  4:13  SCV x2  
  47  4:16  Command Center  
  49  4:23  Cyclone  
  49  4:26  Cyclone  
  49  4:28  SCV  
  49  4:30  SCV  
  52  4:40  SCV  
  52  4:41  Refinery  
  52  4:42  SCV, Refinery  
  54  4:52  SCV  
  53  4:55  SCV  
  48  5:06  SCV  
  41  5:07  SCV  
  37  5:18  SCV  
  38  5:23  SCV  
  39  5:29  Orbital Command  
  39  5:30  SCV  
  39  5:33  Starport Tech Lab  
  39  5:35  SCV  
  41  5:42  SCV  
  42  5:43  Cyclone  
  42  5:44  Cyclone  
  42  5:49  SCV  
  49  5:54  SCV  
  49  5:55  SCV  
  51  5:58  Banshee  
  51  6:00  Cloaking Field  
  51  6:01  SCV  
  55  6:06  SCV  
  55  6:08  SCV  
  57  6:13  SCV  
  58  6:19  SCV  
  58  6:20  SCV  
  58  6:22  Armory, Factory Tech Lab  
  58  6:25  SCV  
  61  6:26  Factory  
  61  6:31  SCV  
  61  6:32  SCV  
  63  6:35  Supply Depot  
  63  6:37  SCV  
  63  6:39  Factory  
  64  6:40  Siege Tank  
  64  6:43  SCV  
  64  6:44  SCV  
  64  6:46  Refinery  
  69  6:48  Refinery  
  69  6:49  SCV  
  69  6:52  Banshee  
  73  6:55  SCV  
  73  6:56  Supply Depot, SCV  
  73  6:58  Supply Depot  
  75  7:01  SCV  
  75  7:07  SCV  
  78  7:08  SCV  
  78  7:10  Hellion x2  
  78  7:11  Terran Vehicle Weapons Level 1  
  78  7:12  Siege Tank  
  85  7:18  SCV  
  85  7:19  SCV  
  85  7:20  Supply Depot, SCV  
  88  7:27  Supply Depot  
  88  7:30  SCV  
  88  7:31  SCV  
  88  7:32  Hellion x2, SCV  
  88  7:35  Raven  
  96  7:42  SCV  
  96  7:43  SCV  
  95  7:44  SCV  
  95  7:46  Siege Tank  
  92  7:53  Hellion  
  92  7:54  Hellion, SCV  
  92  7:55  SCV  
  92  7:56  SCV  
  91  8:06  SCV  
  91  8:07  Command Center, SCV  
  91  8:09  SCV, Armory  
  91  8:12  Factory Tech Lab  
  94  8:14  Hellion  
  94  8:15  Hellion x3  
  94  8:18  Siege Tank, SCV, Banshee  
  101  8:22  Cyclone x2  
  101  8:26  Supply Depot  
  107  8:27  Factory Reactor, SCV x2  
  107  8:30  Supply Depot  
  107  8:33  Engineering Bay  
  109  8:39  SCV  
  110  8:47  Supply Depot  
  110  8:54  SCV x2, Cyclone x2  
  117  8:57  Terran Vehicle And Ship Armor Level 1  
  111  9:09  SCV  
  113  9:10  SCV x2  
  113  9:14  Starport Reactor  
  113  9:15  Hellion x2, Siege Tank  
  120  9:21  SCV  
  120  9:22  SCV  
  121  9:27  Starport, SCV  
  121  9:28  Starport  
  122  9:32  Terran Vehicle Weapons Level 2  
  122  9:34  SCV x2  
  122  9:36  Missile Turret  
  124  9:44  Supply Depot  
  124  9:47  Hellion x4  
  124  9:50  Cyclone x2  
  124  9:51  Cyclone  
  133  9:54  SCV x3  
  133  9:59  Supply Depot, Viking  
  138  10:00  Missile Turret, Viking  
  138  10:05  Orbital Command  
  138  10:06  SCV x2  
  138  10:07  SCV  
  140  10:09  Hellion x2  
  140  10:13  Refinery  
  144  10:18  SCV  
  144  10:19  Sensor Tower  
  144  10:20  Starport Tech Lab  
  145  10:22  SCV x2  
  145  10:23  Supply Depot  
  145  10:26  Cyclone x2  
  153  10:29  Viking  
  153  10:30  Refinery  
  153  10:32  Missile Turret  
  155  10:37  Hellion x2  
  155  10:41  Cyclone  
  162  10:45  Raven  
  162  10:47  Command Center  
  154  10:51  SCV x2  
  154  10:52  SCV  
  155  10:59  Raven, Viking  
  155  11:02  SCV  
  160  11:06  Supply Depot  
  160  11:07  Missile Turret, Terran Vehicle And Ship Armor Level 2  
  160  11:15  Command Center  
  160  11:16  Hellion x4  
  160  11:17  Hellion  
  170  11:19  Infernal Pre-Igniter  
  170  11:26  SCV x2  
  170  11:38  Viking  
  170  11:39  Raven  
  167  11:41  SCV  
  167  11:42  SCV, Raven  
  167  11:45  Cyclone x2  
  173  11:53  Cyclone  
  144  11:54  Cyclone  
  144  11:55  Hellion  
  144  11:56  SCV x4  
  153  12:04  Viking  
  153  12:08  Missile Turret, SCV  
  156  12:16  Siege Tank  
  156  12:17  Cyclone  
  157  12:24  Cyclone  
  157  12:25  Cyclone  
  157  12:27  Cyclone  
  158  12:31  Raven  
  158  12:34  Viking  
  161  12:37  Command Center  
  161  12:39  Command Center, Viking  
  162  12:50  Hellion  
  158  12:54  Command Center x2  
  158  12:56  Command Center  
  158  12:57  Raven  
  158  12:58  Hellion x2, Cyclone  
  163  13:00  Missile Turret  
  163  13:01  Missile Turret  
  163  13:04  Viking  
  165  13:08  Missile Turret  
  165  13:09  Missile Turret, Viking  
  165  13:10  Command Center  
  165  13:11  Hellion x2  
  171  13:12  Corvid Reactor  
  171  13:19  Siege Tank  
  171  13:28  Starport  
  171  13:30  Starport  
  171  13:36  Terran Ship Weapons Level 1, Terran Vehicle And Ship Armor Level 3  
  171  13:40  Viking  
  173  13:45  Missile Turret  
  173  13:52  Siege Tank  
  173  13:55  Hellion  
  179  13:56  Hellion x2, Cyclone  
  179  13:57  Viking  
  177  14:03  Orbital Command  
  177  14:07  SCV  
  170  14:19  Missile Turret  
  170  14:20  Missile Turret, Raven x2  
  170  14:22  Viking  
  164  14:28  Hellion  
  164  14:29  Orbital Command x2  
  166  14:31  Starport Tech Lab  
  166  14:32  Starport Reactor  
  166  14:37  SCV x3  
  169  14:39  Missile Turret  
  169  14:42  Orbital Command  
  169  14:48  Refinery  
  144  15:00  Cyclone x2  
  144  15:01  Siege Tank  
  144  15:03  Raven  
  133  15:07  Refinery  
  133  15:10  Cyclone x2  
  133  15:13  SCV x2  
  141  15:15  Viking  
  141  15:19  SCV  
  142  15:23  Raven  
  144  15:32  Missile Turret  
  144  15:33  Siege Tank  
  144  15:35  Orbital Command  
  147  15:43  Cyclone x3  
  147  15:44  Cyclone  
  155  15:56  SCV x4  
  152  16:04  Raven x2, Viking  
  154  16:06  Siege Tank  
  154  16:09  Viking  
  154  16:11  Missile Turret  
  163  16:12  Missile Turret  
  163  16:13  Missile Turret  
  163  16:20  Hellion x2  
  163  16:22  SCV x2  
  163  16:25  Terran Ship Weapons Level 2  
  169  16:30  Factory Tech Lab  
  169  16:32  Missile Turret x2  
  169  16:38  Siege Tank  
  172  16:41  Hellion x2  
  172  16:44  Raven  
  172  16:46  Raven, Viking x2  
  184  16:52  Missile Turret  
  184  16:54  Viking  
  186  16:57  Missile Turret  
  186  17:00  Siege Tank  
  187  17:02  Hellion  
  189  17:10  Missile Turret  
  189  17:12  Missile Turret, Siege Tank  
  189  17:13  Cyclone  
  194  17:25  Viking x3  
  194  17:27  Liberator  
  199  17:43  Command Center  
  198  17:55  Missile Turret  
  198  17:57  Missile Turret  
  198  18:00  Raven  
  198  18:04  Raven x2  
  180  18:28  Cyclone  
  183  18:36  Cyclone x2  
  189  18:43  Raven  
  189  18:47  Raven  
  190  18:49  Thor  
  196  19:09  Cyclone  
  182  19:10  Cyclone  
  182  19:15  Raven  
  179  19:18  Thor  
  179  19:22  Viking  
  175  19:26  Raven  
  175  19:30  Siege Tank, Raven  
  164  19:45  Hellion x2, Cyclone  
  147  19:55  Missile Turret  
  147  20:02  Missile Turret  
  141  20:07  Siege Tank  
  141  20:08  Refinery, Cyclone  
  141  20:09  Missile Turret  
  153  20:25  Missile Turret  
Tags
 
Add a new tag
Caveats
  • Supply blocks, unpowered buildings, or Contaminate may cause inaccurate times.
  • Supply counts are checked every 10 seconds.